AoeStats
← Bob

Scandinavia

510316474Analyzed
1v1 RM · 10h ago on Sep 30, 2026· 57m 19s· 2 players
Game mode
Random Map
Map size
Tiny (2 player)
Population
200
Speed
Normal
Resources
Standard
Victory
Conquest
Starting age
Dark Age
Ending age
Imperial Age
RankedLock teamsTeams togetherTeam positionsShared explorationLock speedFull tech treeHidden civsTurbo modeCheats
Victory
Defeat
🇨🇿 Slavs · Czechia
834
+17
🇺🇸 Persians · United States
857
-17
count von count
0:59 Loom
2:31 Loom
12:11 Feudal Age
12:50 Double-Bit Axe
16:37 Horse Collar
20:55 Castle Age
18:29 Man-at-Arms
21:41 Squires
21:59 Forging
21:49 Scale Mail Armor
26:27 Wheelbarrow
27:37 Heavy Plow
30:36 Stone Mining
30:16 Pikeman
32:48 Hand Cart
36:05 Crossbowman
39:23 Bow Saw
39:23 Fletching
39:33 Padded Archer Armor
43:01 Imperial Age
40:30 Elite Skirmisher
42:55 Long Swordsman
44:07 Conscription
44:16 Murder Holes
44:19 Gold Mining
44:54 Two-Handed Swordsman
46:43 Gold Shaft Mining
46:32 Ballistics
47:13 Chemistry
47:15 Husbandry
46:36 Cavalier
48:25 Two-Man Saw
51:03 Town Watch
53:57 Bloodlines
53:07 Light Cavalry
53:58 Elite Boyar
56:01 Halberdier
56:02 Champion
Bob
4:48 Loom
12:02 Feudal Age
13:26 Double-Bit Axe
16:16 Wheelbarrow
20:24 Gold Mining
27:31 Castle Age
27:19 Stone Mining
28:01 Fletching
29:20 Bloodlines
29:29 Bodkin Arrow
32:15 Ballistics
33:20 Murder Holes
37:27 Hand Cart
39:27 Forging
40:34 Horse Collar
41:08 Bow Saw
48:19 Imperial Age
48:12 Capped Ram
49:49 Husbandry
49:10 Cavalier
51:37 Iron Casting
52:04 Siege Ram
53:22 Scale Barding Armor
Connection lost

Rejoining the realm…

Still unreachable

The connection could not be restored.

Session expired

The server has moved on; the page needs a fresh start.